 Dungeon Crawl Stone Soup version 0.28.0-1-gb440e238dd (webtiles) character file.

Game seed: 16692443571555438477

94 Bamboolord the Gusty (level 4, -4/33 HPs)
             Began as a Draconian Air Elementalist on Feb 23, 2022.
             Slain by Natasha (8 damage)
             ... on level 2 of the Dungeon.
             The game lasted 00:07:21 (2526 turns).

Bamboolord the Gusty (Draconian Air Elementalist)   Turns: 2526, Time: 00:07:22

Health: -4/33      AC:  5    Str: 10    XL:     4   Next: 38%
Magic:  0/7        EV: 12    Int: 17    God:
Gold:   115        SH:  0    Dex: 12    Spells: 2/8 levels left

rFire   . . .      SeeInvis .   (no weapon)
rCold   + . .      Faith    .   (no shield)
rNeg    . . .      Spirit   .   (armour unavailable)
rPois   .          Reflect  .   (helmet restricted)
rElec   .          Harm     .   (no cloak)
rCorr   .          Rampage  .   (no gloves)
Will    .....                   (no boots)
Stlth   ++........              (no amulet)
HPRegen 0.11/turn               m - ring of protection from cold
MPRegen 0.10/turn               (no ring)

@: slowed, very slow
A: AC +5, unfitting armour, cold-blooded
a: no special abilities


You were on level 2 of the Dungeon.
You visited 1 branch of the dungeon, and saw 3 of its levels.

You collected 115 gold pieces.

Inventory:

Missiles
 b - 2 datura-tipped darts
 d - 5 poisoned darts
Jewellery
 m - a ring of protection from cold (left hand)
Scrolls
 e - a scroll of magic mapping
 f - a scroll of enchant armour {unknown}
 g - a scroll of enchant weapon {unknown}
 h - a scroll of vulnerability {unknown}
 i - a scroll of blinking {unknown}
 k - 2 scrolls of teleportation
Potions
 a - a potion of cancellation {unknown}
 c - a potion of ambrosia
 l - 2 potions of curing {unknown}


   Skills:
 * Level 2.4 Dodging
 + Level 1.9 Stealth
 * Level 2.5 Spellcasting
 * Level 2.3 Conjurations
 * Level 3.9 Air Magic


You had 2 spell levels left.
You knew the following spells:

 Your Spells              Type           Power      Damage    Failure   Level
a - Shock                 Conj/Air       48%        1d6       5%          1
b - Static Discharge      Conj/Air       12%        N/A       8%          2
c - Swiftness             Air            15%        N/A       11%         3

Your spell library contained the following spells:

 Spells                   Type           Power      Damage    Failure   Level
 Ensorcelled Hibernation  Hex/Ice        4%         N/A       28%         2
 Airstrike                Air            7%         N/A       36%         4
 Ozocubu's Armour         Ice            2%         N/A       50%         3
 Portal Projectile        Hex/Tloc       4%         N/A       50%         3
 Spider Form              Tmut/Pois      2%         N/A       50%         3
 Anguish                  Hex/Necr       1%         N/A       88%         4
 Blade Hands              Tmut           1%         N/A       99%         5
 Excruciating Wounds      Necr           1%         N/A       99%         5
 Metabolic Englaciation   Hex/Ice        1%         N/A       99%         5
 Simulacrum               Ice/Necr       1%         N/A       100%        6


Dungeon Overview and Level Annotations

Branches:
Dungeon (3/15)

Altars:
Xom

Annotations:
D:2 Natasha


Innate Abilities, Weirdness & Mutations

Your plain brown scales are hard. (AC +5)
You cannot fit into any form of body armour.
You are cold-blooded and may be slowed by cold attacks.


Message History

Natasha stares at you and mumbles some strange words.
The magic dart hits you.
The crimson imp blinks!
Your magical contamination has completely faded away.
Natasha barely misses you. Natasha misses you.
You closely miss Natasha.
Natasha is heavily wounded.
Natasha stares at you and mumbles some strange words.
The magic dart hits you. Natasha claws you but does no damage.
Natasha stares at you and mumbles some strange words.
You feel as though you will be slow longer.
Natasha casts a spell at you.
You feel as though you will be slow longer.
Natasha claws you. Natasha completely misses you.
Casting: Static Discharge (safe; 8% risk of failure)
Confirm with . or Enter, or press ? or * to list all spells.
Natasha is struck by an arc of lightning.
Natasha is almost dead.
You are struck by an arc of lightning.
The lightning grounds out.
Natasha stares at you and mumbles some strange words.
You resist with some effort. Natasha closely misses you.
You barely miss Natasha.
Natasha is almost dead.
Natasha claws you. x2
* * * LOW HITPOINT WARNING * * *
Natasha claws you.
* * * LOW HITPOINT WARNING * * *
Aiming: Shock (safe; 5% risk of failure)
Press: ? - help, Q - select action, (/) - cycle Shift-Dir - straight line, f/p - Natasha
Aim: Natasha (almost dead, 60% to hit)
The zap misses Natasha.
Natasha claws you.
* * * LOW HITPOINT WARNING * * *
Natasha casts a spell at you. The magic dart hits you.
* * * LOW HITPOINT WARNING * * *
Natasha claws you!
You die...

# # # ###### # #######....# #
######.......##.##############
#....#.......##.........(.....
#....#.......#####........####
#....#.......@............#
####....#......h####.........#
...#....#.......####.........####
....[............................
###.....#.......####.........####
#.#####............#########
###..########.######## ######
..............# #.....
####.########.####### #.....


You could see Natasha.

Vanquished Creatures
  Natasha (D:2)
  3 adders (D:2)
  2 dart slugs (D:1)
  4 endoplasms (D:1)
  4 goblins
  4 hobgoblins
  2 quokkas
  2 ball pythons
  3 bats (D:2)
  3 frilled lizards
  4 kobolds
  8 rats
40 creatures vanquished.

Notes
Turn   | Place    | Note
-------+----------+-------------------------------------------
     0 | D:1      | Bamboolord the Draconian Air Elementalist began the quest
                  | for the Orb.
     0 | D:1      | Reached XP level 1. HP: 14/14 MP: 3/3
   181 | D:1      | Reached XP level 2. HP: 20/20 MP: 0/5
   469 | D:1      | Learned a level 2 spell: Static Discharge
   957 | D:2      | Reached XP level 3. HP: 26/26 MP: 3/6
  1015 | D:2      | Learned a level 3 spell: Swiftness
  1250 | D:2      | Found a shimmering altar of Xom.
  2005 | D:2      | Noticed Natasha
  2020 | D:2      | Killed Natasha
  2021 | D:2      | Reached XP level 4. HP: 12/33 MP: 0/7
  2491 | D:2      | Noticed Natasha
  2526 | D:2      | Slain by Natasha

Illustrated notes

Levels and vault maps discovered:
D:1:      dpeg_arrival_ratfight, layout_rooms
D:2:      layout_basic, basic_altar, kennysheep_path_1, uniq_natasha
D:3:      layout_loops_corners, minitemple, gammafunk_temple_overflow_forgotten,
          ebering_ecumenical_altar_mist, uniq_ijyb

Skill      XL: |  1  2  3 |
---------------+----------+-----
Dodging        | 2 |  2.4
Conjurations   | 2 |  2.3
Stealth        | |  1.9
Spellcasting   | |  2.5
Air Magic      | |  3.9

Action                   |  1- 3 |  4- 6 || total
-------------------------+-------+-------++-------
Melee: Unarmed           |     4 |     2 ||     6
       Tailslap          |     1 |       ||     1
 Cast: Shock             |    75 |    12 ||    87
       Static Discharge  |     4 |     2 ||     6
       Swiftness         |     1 |       ||     1
  Use: Scroll            |     3 |       ||     3
Armor: Skin              |     5 |     1 ||     6
Dodge: Dodged            |    14 |     6 ||    20
